 Dungeon Crawl Stone Soup version 0.32-a0-921-g04a7ad8 (webtiles) character file.

Game seed: 120904584016149483

13059 gree the Thaumaturge (level 12, 0/70 HPs)
             Began as a Gargoyle Earth Elementalist on Apr 11, 2024.
             Was a Believer of Vehumet.
             Killed from afar by a gargoyle (17 damage)
             ... with a stone arrow
             ... on level 10 of the Dungeon.
             The game lasted 00:16:52 (9946 turns).

gree the Thaumaturge (Gargoyle Earth Elementalist)  Turns: 9946, Time: 00:16:52

Health: 0/70       AC: 14    Str: 12    XL:     12   Next: 2%
Magic:  14/35      EV: 11    Int: 24    God:    Vehumet [**....]
Gold:   466        SH:  0    Dex:  9    Spells: 28/32 levels left

rFire   + . .        L - staff of earth
rCold   . . .        (no shield)
rNeg    + + +        E - +2 robe {rC+}
rPois   ∞            (no helmet)
rElec   +            (no cloak)
rCorr   .            (no gloves)
SInv    .            (no boots)
Will    .....        G - amulet of magic regeneration
Stlth   ++           g - ring of positive energy
HPRegen 0.31/turn    p - ring of Symmetry {Fire rN+ MP+9}
MPRegen 0.64/turn

%: no passive effects
@: studying Shields
A: sickness immunity, AC +8, negative energy resistance 1, electricity
resistance, torment resistance 1, petrification resistance, iridescent scales 1,
clever 1
a: Renounce Religion


You were on level 10 of the Dungeon.
You worshipped Vehumet.
Vehumet was pleased with you.
You visited 2 branches of the dungeon, and saw 11 of its levels.
You also visited: Sewer.

You collected 492 gold pieces.
You spent 26 gold pieces at shops.

Inventory:

Hand Weapons
 e - a +0 dagger
 m - a +1 short sword of electrocution
Missiles
 h - 11 javelins
 r - 3 curare-tipped darts {!f!f}
 v - 60 poisoned darts
 w - a throwing net (quivered) {!f!f}
 y - 3 datura-tipped darts {!f!f}
Armour
 a - a +1 robe
 n - a +0 troll leather armour
 E - a +2 robe of cold resistance (worn)
Magical Staves
 D - a staff of alchemy
 I - a staff of air
 L - a staff of earth (weapon)
Jewellery
 g - a ring of positive energy (left hand)
 p - the ring of Symmetry (right hand) {Fire rN+ MP+9}
   (You acquired it on level 4 of the Dungeon)

   [ring of fire]

   Fire:      It enhances your fire magic.
   rF+:       It protects you from fire.
   rC-:       It makes you vulnerable to cold.
   rN+:       It protects you from negative energy.
   MP+9:      It affects your magic capacity (+9).
 q - an amulet of reflection
 G - an amulet of magic regeneration (around neck)
Wands
 j - a wand of warping (24)
 k - a wand of flame (38)
 l - a wand of polymorph (11)
 H - a wand of quicksilver (8)
 N - a wand of paralysis (2)
Scrolls
 i - 4 scrolls of fear {!r!r}
 s - 3 scrolls of enchant weapon
 x - 5 scrolls of fog {!r!r}
 B - 4 scrolls of enchant armour
Potions
 b - 4 potions of magic {!q!q}
 c - 5 potions of might {!q!q}
 d - a potion of brilliance {!q!q}
 o - 2 potions of invisibility {!q!q}
 t - 3 potions of mutation
 u - 2 potions of ambrosia {!q!q}
 z - 2 potions of cancellation {!q!q}
 A - a potion of lignification {!q!q}
 C - a potion of enlightenment {unknown}
 F - a potion of resistance {unknown}
 J - a potion of haste {unknown}
 Q - 8 potions of curing {!q!q}


   Skills:
 - Level 6.0 Fighting
 - Level 3.0 Dodging
 - Level 3.0 Stealth
 * Level 4.5 Shields
 * Level 10.7 Spellcasting
 - Level 3.0 Conjurations
 + Level 10.5 Earth Magic
 - Level 8.0 Alchemy
 - Level 3.0 Evocations


You had 28 spell levels left.
You knew the following spells:

 Your Spells              Type           Power      Damage    Failure   Level
a - Sandblast             Erth           100%       2d20      1%          1
b - Stone Arrow           Conj/Erth      100%       3d13      1%          3

Your spell library contained the following spells:

 Spells                   Type           Power      Damage    Failure   Level
 Static Discharge         Conj/Air       40%        3-5/arc   4%          2
 Passwall                 Erth           76%        N/A       1%          3
 Petrify                  Alch/Erth      72%        N/A       1%          4
 Kiss of Death            Conj/Necr      80%        2d11      2%          1
 Brom's Barrelling Bould  Conj/Erth      62%        2d8       3%          4
 Summon Small Mammal      Summ           48%        N/A       4%          1
 Ensorcelled Hibernation  Hex/Ice        24%        N/A       8%          2
 Hailstorm                Conj/Ice       20%        3d7       8%          3
 Sticky Flame             Fire/Alch      48%        2d9       10%         4
 Call Canine Familiar     Summ           12%        N/A       14%         3
 Confusing Touch          Hex            12%        N/A       14%         3
 Fugue of the Fallen      Necr           12%        N/A       14%         3
 Inner Flame              Hex/Fire       19%        N/A       14%         3
 Swiftness                Air            12%        N/A       14%         3
 Flame Wave               Conj/Fire      30%        2d9       26%         4
 Iskenderun's Battlesphe  Conj           27%        2d8       36%         5
 Dispel Undead            Necr           12%        3d9       43%         4
 Summon Blazeheart Golem  Fire/Summ      19%        N/A       43%         4
 Fireball                 Conj/Fire      15%        3d8       58%         5
 Summon Forest            Summ/Tloc      6%         N/A       80%         5
 Summon Mana Viper        Hex/Summ       12%        N/A       80%         5
 Conjure Ball Lightning   Conj/Air       10%        3x3d6     99%         6
 Summon Cactus Giant      Summ           6%         N/A       100%        6
 Orb of Destruction       Conj           13%        9d7       100%        7


Dungeon Overview and Level Annotations

Branches:
Dungeon (10/15)            Temple (1/1) D:5            Lair (0/5) D:8
  Sewer (visited)
    Orc: D:9-12

Altars:
Ashenzari
Cheibriados
Elyvilon
Fedhas
Gozag
Hepliaklqana
Kikubaaqudgha
Makhleb
Qazlal
Ru
Sif Muna
Trog
Uskayaw
Vehumet
Wu Jian
Xom
Yredelemnul
Zin
The Shining One

Shops:
D:2 =*   D:9 (![[

Annotations:
D:9 1 runed translucent door


Innate Abilities, Weirdness & Mutations

You are immune to sickness and miasma.
Your stone body is resilient. (AC +8)
You are immune to poison.
You resist negative energy. (rN+)
You are resistant to electric shocks. (rElec)
You are resistant to unholy torment.
You are immune to petrification.
You are partially covered in iridescent scales. (AC +2)
Your mind is acute. (Int +4, Str/Dex -1)


Message History

The gargoyle is severely damaged.
The boulder beetle leaps!
A basilisk comes into view.
The gargoyle hits you with a +0 mace!
You take 14 damage, and have 38/70 hp.
Casting: Stone Arrow (safe; 1% risk of failure)
Confirm with . or Enter, or press ? or * to list all spells.
Aiming: Stone Arrow (safe; 1% risk of failure)
Press: ? - help, Shift-Dir - straight line, f/p - gargoyle
Aim: a gargoyle, wielding a +0 mace (poison gas, severely damaged, 89% to hit)
You feel a surge of power!
The stone arrow misses the gargoyle.
The basilisk gazes at you. You resist with some effort.
The gargoyle hits you with a +0 mace!
* * * LOW HITPOINT WARNING * * *
Consider to using tele/blink, potion or other emergency measures......
You take 12 damage, and have 26/70 hp.
Casting: Stone Arrow (safe; 1% risk of failure)
Confirm with . or Enter, or press ? or * to list all spells.
Aiming: Stone Arrow (safe; 1% risk of failure)
Press: ? - help, Shift-Dir - straight line, f/p - gargoyle
Aim: a gargoyle, wielding a +0 mace (poison gas, severely damaged, 89% to hit)
You feel a surge of power!
The stone arrow hits the gargoyle.
The gargoyle is almost destroyed.
* * * LOW MAGIC WARNING * * *
The gargoyle hurls a stone arrow at you.
The stone arrow hits you!
* * * LOW HITPOINT WARNING * * *
You take 9 damage, and have 17/70 hp.
Unknown command.
Casting: Stone Arrow (safe; 1% risk of failure)
Confirm with . or Enter, or press ? or * to list all spells.
Aiming: Stone Arrow (safe; 1% risk of failure)
Press: ? - help, Shift-Dir - straight line, f/p - gargoyle
Aim: a gargoyle, wielding a +0 mace (poison gas, almost destroyed, 89% to hit)
You feel a surge of power!
The stone arrow misses the gargoyle.
* * * LOW MAGIC WARNING * * *
The gargoyle hurls a stone arrow at you.
The stone arrow hits you!
You die...

.........#.....#...........#
...............#...........#####
.........'.....#................
........#.)....'................
........#....###..☼^...........#
........#.....°.○°☼............#
.......##....#....#####........#
......#....)○l9°.# #........#
......######.○@..# #........#
..°☼°○.°○☼○# #........#
.○.○○...<..# #........#
...☼☼<.○°.°#####.........
..○.○.°°.☼[).............
..°.....☼##############.#
.○.○.°...# ## ...○○..○○#
##########


You could see a basilisk and a gargoyle.

Vanquished Creatures
  A hydra (D:9)
  A catoblepas (D:9)
  3 two-headed ogres
  A deep troll earth mage (D:10)
  Sonja (D:10)
  An ugly thing (D:9)
  A manticore (D:9)
  An elephant (D:8)
  Psyche (D:8)
  A troll (D:9)
  Grinder (D:3)
  Prince Ribbit (D:5)
  2 hornets
  5 slime creatures
  9 yaks
  A wraith (D:9)
  A vampire (D:7)
  The ghost of Sumgai83 the Charlatan, an amateur GnWn (D:4)
  A steam dragon (D:9)
  4 vampire mosquitoes
  A water moccasin (D:7)
  An acid dragon (D:8)
  3 ogres
  A sky beast (D:8)
  2 orc warriors
  A black bear (D:6)
  An ice beast (D:5)
  2 centaurs (D:7)
  4 bullfrogs (D:8)
  5 kobold brigands
  4 scorpions
  8 wights (D:7)
  3 killer bees (D:8)
  2 howler monkeys
  4 hounds
  An orc priest (D:10)
  2 bombardier beetles
  3 jellies
  A gnoll bouda (D:5)
  2 sleepcaps
  Jessica (D:2)
  Natasha (thrice) (D:2)
  Ijyb (D:3)
  6 orc wizards
  11 gnolls
  2 river rats (Sewer)
  5 adders
  2 ufetubi (D:6)
  3 dart slugs
  5 ribbon worms
  16 orcs
  4 ball pythons
  12 endoplasms
  6 goblins
  6 hobgoblins
  3 jackals (D:2)
  23 kobolds
  9 quokkas
  8 bats
  2 frilled lizards (D:1)
  13 rats
230 creatures vanquished.

Notes
Turn   | Place    | Note
-------+----------+-------------------------------------------
     0 | D:1      | gree the Gargoyle Earth Elementalist began the quest for
                  | the Orb.
     0 | D:1      | Reached XP level 1. HP: 10/10 MP: 3/3
   170 | D:1      | Reached XP level 2. HP: 16/16 MP: 0/5
   383 | D:1      | Reached skill level 1 in Fighting
   897 | D:2      | Found a faded altar of an unknown god.
   993 | D:2      | Noticed Natasha
   999 | D:2      | Killed Natasha
   999 | D:2      | Noticed Natasha
  1000 | D:2      | Reached XP level 3. HP: 13/20 MP: 2/6
  1007 | D:2      | Killed Natasha
  1008 | D:2      | Reached skill level 5 in Earth Magic
  1008 | D:2      | Reached XP level 4. HP: 13/25 MP: 0/8
  1065 | D:2      | Noticed Natasha
  1070 | D:2      | Killed Natasha
  1164 | D:2      | Found Pitiucho's General Store.
  1189 | D:2      | Bought a scroll of identify for 26 gold pieces
  1227 | D:2      | Noticed Jessica
  1232 | D:2      | Killed Jessica
  1233 | D:2      | Reached XP level 5. HP: 25/29 MP: 5/9
  1293 | D:2      | Found Raxaumn's Jewellery Emporium.
  1520 | D:3      | Found a sacrificial altar of Ru.
  1558 | D:3      | Found a glowing drain.
  1573 | Sewer    | Entered a sewer
  1715 | Sewer    | Learned a level 3 spell: Stone Arrow
  1791 | Sewer    | Noticed a kobold brigand
  1796 | Sewer    | Killed a kobold brigand
  1797 | Sewer    | Reached XP level 6. HP: 34/34 MP: 5/11
  2620 | D:3      | Noticed Ijyb
  2634 | D:3      | Killed Ijyb
  3024 | D:3      | Noticed Grinder
  3029 | D:3      | Paralysed by Grinder for 2 turns
  3032 | D:3      | Killed Grinder
  3033 | D:3      | Reached XP level 7. HP: 34/38 MP: 6/13
  3236 | D:4      | Found a shimmering blue altar of Sif Muna.
  3290 | D:4      | Found an ornate altar of the Wu Jian Council.
  3418 | D:4      | Reached skill level 5 in Spellcasting
  3571 | D:4      | Found a runed translucent gate.
  3571 | D:4      | Found a runed translucent gate.
  3571 | D:4      | Found a runed translucent gate.
  3571 | D:4      | Noticed Sumgai83's ghost (amateur GnWn)
  4066 | D:4      | Reached XP level 8. HP: 43/43 MP: 13/15
  4184 | D:4      | Identified a scroll of acquirement
  4184 | D:4      | Acquired the ring of Symmetry {Fire rN+ MP+9}
  4252 | D:4      | Killed Sumgai83's ghost
  4387 | D:5      | Entered Level 5 of the Dungeon
  4421 | D:5      | Found a broken altar of Ashenzari.
  4459 | D:5      | Found a hide-covered altar of Uskayaw.
  4459 | D:5      | Found a glowing silver altar of Zin.
  4459 | D:5      | Found a glowing golden altar of the Shining One.
  4461 | D:5      | Noticed Prince Ribbit
  4466 | D:5      | Killed Prince Ribbit
  4467 | D:5      | Reached skill level 5 in Fighting
  4627 | D:5      | Found a staircase to the Ecumenical Temple.
  4651 | Temple   | Entered the Ecumenical Temple
  4689 | Temple   | Became a worshipper of Vehumet
  4845 | D:5      | Reached skill level 1 in Evocations
  4913 | D:5      | Reached skill level 1 in Alchemy
  5170 | D:5      | Reached XP level 9. HP: 55/55 MP: 16/16
  5425 | D:6      | Found a basalt altar of Yredelemnul.
  5426 | D:6      | You fall into a shaft and drop 1 floor!
  5770 | D:6      | Reached * piety under Vehumet
  5770 | D:6      | Offered knowledge of Shock by Vehumet.
  5874 | D:6      | Found an ancient bone altar of Kikubaaqudgha.
  6503 | D:7      | Reached skill level 5 in Alchemy
  6750 | D:8      | Noticed Psyche
  6753 | D:8      | Killed Psyche
  6754 | D:8      | Reached XP level 10. HP: 60/60 MP: 17/17
  7010 | D:8      | Noticed an elephant
  7020 | D:8      | Killed an elephant
  7177 | D:8      | Found a stormy altar of Qazlal.
  7306 | D:8      | Found a snail-covered altar of Cheibriados.
  7353 | D:8      | Found a staircase to the Lair.
  7499 | D:8      | Gained mutation: You are partially covered in iridescent
                  | scales. (AC +2) [potion of mutation]
  7499 | D:8      | Gained mutation: Your mind is acute. (Int +4, Str/Dex -1)
                  | [potion of mutation]
  7584 | D:9      | Found Lyqoe's Antique Weapon Boutique.
  7604 | D:9      | Noticed a two-headed ogre
  7797 | D:9      | Killed a two-headed ogre
  7849 | D:9      | Reached ** piety under Vehumet
  7849 | D:9      | Offered knowledge of Static Discharge by Vehumet.
  7873 | D:9      | Found Ibregit's Distillery.
  7873 | D:9      | Found Etsoz's Armour Boutique.
  7874 | D:9      | Found Xaoniafau's Antique Armour Boutique.
  8074 | D:9      | Reached XP level 11. HP: 64/64 MP: 22/22
  8480 | D:9      | Found a blossoming altar of Fedhas.
  8548 | D:9      | Found a runed translucent door.
  8644 | D:9      | Noticed a red ugly thing
  8651 | D:9      | Killed a red ugly thing
  8727 | D:9      | Noticed a catoblepas
  8733 | D:9      | Killed a catoblepas
  8842 | D:9      | Noticed a manticore
  8842 | D:9      | Noticed a five-headed hydra
  9110 | D:9      | Killed a manticore
  9158 | D:9      | Killed a five-headed hydra
  9324 | D:9      | Got Edwiexza's Verses on Supplementary Spells
  9412 | D:9      | Noticed a deep elf pyromancer
  9412 | D:9      | Noticed a centaur warrior
  9412 | D:9      | Noticed a cyclops
  9413 | D:9      | Found a runed translucent door.
  9415 | D:9      | Noticed a centaur warrior
  9415 | D:9      | Noticed a boulder beetle
  9415 | D:9      | Noticed a manticore
  9471 | D:10     | Entered Level 10 of the Dungeon
  9471 | D:10     | Noticed Sonja
  9557 | D:10     | Reached skill level 10 in Spellcasting
  9570 | D:10     | Killed Sonja
  9571 | D:10     | Reached skill level 10 in Earth Magic
  9600 | D:10     | Found a burning altar of Makhleb.
  9809 | D:10     | Noticed a boulder beetle
  9809 | D:10     | Noticed a two-headed ogre
  9812 | D:10     | Noticed a deep troll earth mage
  9824 | D:10     | Killed a two-headed ogre
  9931 | D:10     | Noticed a two-headed ogre
  9934 | D:10     | Killed a deep troll earth mage
  9937 | D:10     | Killed a two-headed ogre
  9938 | D:10     | Reached XP level 12. HP: 50/70 MP: 26/26
  9946 | D:10     | Killed from afar by a gargoyle

Illustrated notes

Levels and vault maps discovered:
D:1:      dreamdust_arrival_beginning_and_end, layout_basic, dk_noncrumbling_4
D:2:      layout_rooms, serial_shops, nicolae_diamond_shop, shop,
          dreamdust_ecumenical_altar_angels_and_demons, uniq_jessica,
          uniq_natasha
D:3:      layout_basic, marbit_many_paths, portal_sewer_entry_f, uniq_ijyb,
          uniq_grinder
D:4:      layout_loops_ring, kennysheep_little_box, kennysheep_orc_sif_temple,
          serial_glass, glass_columns_a, glass_columns_b,
          gammafunk_ghost_nasty_kobolds, dreamdust_gnoll_farm
D:5:      layout_basic, gammafunk_temple_overflow_claw,
          nicolae_ashenzari_skybound, minmay_temple_entry_glassed_door,
          uniq_prince_ribbit1
D:6:      layout_loops_ring, mainiacjoe_overflow_tiny_flanked,
          mainiacjoe_overflow_paths
D:7:      layout_basic, nicolae_overflow_hidden_temple
D:8:      layout_rooms, mainiacjoe_overflow_small_starburst,
          lemuel_doored_altar, grunt_lair_entry_orc_guard_hut, uniq_psyche
D:9:      minmay_gate_of_8, layout_loops_ring, general_overflow_altar,
          minmay_shop_grid_forest, minivault_13
D:10:     minmay_roctagon, layout_irregular_city,
          mainiacjoe_overflow_six_doors_small, mainiacjoe_overflow_alcove_1,
          nicolae_dithmenos_through_a_glass_darkly, uniq_sonja, uniq_grum
Temple:   hellmonk_temple_two_chambers

Skill      XL: |  1  2  3  4  5  6  7  8  9 10 11 |
---------------+----------------------------------+-----
Earth Magic    | 4 5 6 7 8 9 10 | 10.5
Fighting       | 1 6 |  6.0
Spellcasting   | 3 4 5 7 10 | 10.7
Conjurations   | 3 |  3.0
Dodging        | 2 3 |  3.0
Evocations     | 1 3 |  3.0
Alchemy        | 1 6 8 |  8.0
Stealth        | 3 |  3.0
Shields        | 4 |  4.5

Action                     |  1- 3 |  4- 6 |  7- 9 | 10-12 || total
---------------------------+-------+-------+-------+-------++-------
  Melee: Dagger            |     2 |     5 |       |       ||     7
         Short sword       |       |     9 |     1 |       ||    10
         Staff             |       |       |     5 |     3 ||     8
  Throw: Throwing net      |     2 |     1 |       |       ||     3
   Cast: Sandblast         |    28 |   107 |   128 |    95 ||   358
         Stone Arrow       |       |     1 |    12 |   115 ||   128
    Use: Scroll            |     1 |     6 |    11 |     8 ||    26
         Potion            |       |       |       |     1 ||     1
   Stab: Held in net/web   |       |     2 |       |       ||     2
 Armour: Robe              |     6 |    46 |    74 |   126 ||   252
  Dodge: Dodged            |     5 |    51 |    56 |    65 ||   177
  Block: Other             |       |     7 |    14 |       ||    21
         Reflection        |       |       |     1 |       ||     1

Table legend: (Time is in decaauts)
 A = Elapsed time spent in this place.
 B = Non-inter-level travel time spent in this place.
 C = Inter-level travel time spent in this place.
 D = Time resting spent in this place.
 E = Time spent auto-exploring this place.
 F = Levels seen in this place.
 G = Mean time per level.
                   A        B        C        D        E       F      G
               +--------+--------+--------+--------+--------+-----+--------+
         Total |  10278 |   9973 |    305 |    815 |   7522 |  12 |  856.5 |
       Dungeon |   9162 |   8860 |    302 |    815 |   6613 |  10 |  916.2 |
        Temple |     42 |     39 |      3 |      0 |     34 |   1 |   42.0 |
         Sewer |   1073 |   1073 |      0 |      0 |    875 |   1 | 1073.0 |
               +--------+--------+--------+--------+--------+-----+--------+

Top non-repeatable levels by time:
     D:9: 2002 daAuts
     D:4: 1253 daAuts
   Sewer: 1073 daAuts
     D:7: 963 daAuts
     D:8: 937 daAuts
     D:1: 874 daAuts
     D:3: 837 daAuts
     D:5: 777 daAuts
     D:6: 621 daAuts
     D:2: 588 daAuts
    D:10: 306 daAuts
  Temple: 42 daAuts
